 Zot Defence DCSS version 0.15.2 (webtiles) character file.

515 Ololoev the Cleaver (level 7, -4/51 (56) HPs)
             Began as a Minotaur Gladiator on Mar 12, 2015.
             Was an Initiate of Okawaru.
             Slain by Ryridool the troll (7 damage)
             ... in the Realm of Zot (Scenario I: Hall of Zot).
             The game lasted 00:08:02 (858 turns).

Ololoev the Cleaver (Minotaur Gladiator)             Turns: 858, Time: 00:08:02

HP  -4/51 (56)   AC  6     Str 21      XL: 7   Next:  0%
MP   3/3         EV  9     Int  5      God: Okawaru [......]
Gold 0           SH  0     Dex 11      Spells:  0 memorised,  6 levels left

rFire  . . .     SeeInvis .     a - +0 war axe
rCold  . . .     Clarity  .     o - +0 scale mail
rNeg   . . .     rCorr    .     (no shield)
rPois  .         rRot     .     c - +0 hat
rElec  .         Spirit   .     (no cloak)
SustAb .         Warding  .     (no gloves)
rMut   .         Stasis   .     (no boots)
Gourm  .                        (no amulet)
MR     .....                    (no ring)
                                (no ring)

@: not resistant to hostile enchantments, extremely unstealthy
A: retaliatory headbutt, horns 2
a: Make oklob sapling, Make arrow trap, Make plant, Remove Curse, Make burning
bush, Make altar, Make grenades, Make oklob plant, Renounce Religion


You were in the Realm of Zot.
You worshipped Okawaru.
Okawaru was noncommittal.
You were not hungry.

You visited 1 branch

Inventory:

Hand weapons
 a - a +0 war axe (weapon)
Missiles
 d - 3 throwing nets (quivered)
Armour
 c - a +0 hat (worn)
 o - a +0 scale mail (worn)
Comestibles
 b - 3 chunks of orc flesh
 f - a bread ration
 n - a rotting chunk of bat flesh
Scrolls
 k - a scroll of blinking
Potions
 e - a potion of curing
 h - a potion of haste
 i - 2 potions of magic
 j - a potion of berserk rage


   Skills:
 - Level 2.4 Fighting
 * Level 9.2 Axes
 - Level 2.0 Throwing
 + Level 2.2 Armour
 - Level 3.2 Dodging


You had 6 spell levels left.
You didn't know any spells.

Dungeon Overview and Level Annotations

Branches:
    Zot (1/1)

Altars:
Okawaru


Innate Abilities, Weirdness & Mutations

You reflexively headbutt those who attack you in melee.
You have a pair of horns on your head.


Message History

Things that are here:
a +0 leather armour; 4 stones; the Orb of Zot Drink which item? (? for menu, Esc to quit)
You feel much better. Ryridool bites you! Ryridool claws you.
Ryridool claws you!
* * * LOW HITPOINT WARNING * * *
Drink which item? (? for menu, Esc to quit)
You feel better.
Your burning bush throws fire at Ryridool.
The puff of flame hits Ryridool.
Are you sure you want to leave the Orb unguarded?
Ryridool bites your burning bush! Ryridool claws your burning bush!
Ryridool claws your burning bush!
Your burning bush is destroyed!
You hit Ryridool. Your headbutt misses Ryridool.
Ryridool is heavily wounded.
Ryridool bites you!
* * * LOW HITPOINT WARNING * * *
Ryridool claws you!
You die...

▓▓▓▓▓▓▓▓ ▓▓▓▓▓▓▓▓ ....▓▓▓▓
▓▓▓▓.... .......▓▓▓ ▓▓▓.......
.........▓▓ ▓▓.........
..........▓ ▓▓▓▓▓▓▓▓▓ ▓..........
..........▓▓▓.......▓▓▓..........
..........▓▓.........▓▓..........
..........▓...%..)....▓..........
..........)%))()@))%.))..........
..........▓.....T...).▓..........
..........▓▓...)))...▓▓..........
..........▓▓▓.......▓▓▓..........
..........# ▓▓▓▓▓▓▓▓▓ #..........
.....o...## ##..g......
.......### ###....... ....####
####.... ######### #########


You could see Ryridool the troll.

Vanquished Creatures
  A centaur (Zot)
  Terence (Zot)
  9 oozes (Zot)
  8 bats (Zot)
  2 hobgoblins (Zot)
  3 giant cockroaches (Zot)
  A giant newt (Zot)
  6 goblins (Zot)
  4 kobolds (Zot)
  5 rats (Zot)
40 creatures vanquished.

Vanquished Creatures (collateral kills)
  An orc wizard (Zot)
  9 gnolls (Zot)
  A giant mite (Zot)
  A worm (Zot)
  4 orcs (Zot)
  A ball python (Zot)
  4 goblins (Zot)
  A hobgoblin (Zot)
  3 jackals (Zot)
  2 kobolds (Zot)
  2 bats (Zot)
  A giant gecko (Zot)
  A kobold zombie (Zot)
  5 rats (Zot)
36 creatures vanquished.

Vanquished Creatures (others)
  A burning bush (Zot)
1 creature vanquished.

Grand Total: 77 creatures vanquished

Notes
Turn   | Place    | Note
--------------------------------------------------------------
     0 | Zot      | Ololoev, the Minotaur Gladiator, began the quest for the Orb.
     0 | Zot      | Reached XP level 1. HP: 18/18 MP: 1/1
   215 | Zot      | Reached skill level 4 in Axes
   226 | Zot      | Reached XP level 2. HP: 25/25 MP: 1/1
   240 | Zot      | Reached skill level 5 in Axes
   242 | Zot      | Reached XP level 3. HP: 16/30 MP: 2/2
   328 | Zot      | Noticed Plosyukh
   338 | Zot      | Killed Plosyukh the centaur
   338 | Zot      | Reached skill level 8 in Axes
   338 | Zot      | Reached XP level 4. HP: 11/37 MP: 2/2
   338 | Zot      | Reached XP level 5. HP: 12/42 MP: 2/2
   424 | Zot      | Reached XP level 6. HP: 26/50 MP: 3/3
   429 | Zot      | Became a worshipper of Warmaster Okawaru
   539 | Zot      | Noticed Terence
   545 | Zot      | Killed Terence
   650 | Zot      | Reached skill level 1 in Armour
   813 | Zot      | Reached skill level 9 in Axes
   841 | Zot      | Noticed Ryridool
   845 | Zot      | Reached XP level 7. HP: 40/51 MP: 3/3
   858 | Zot      | Slain by Ryridool the troll

Action                   |  1- 3 |  4- 6 |  7- 9 || total
-------------------------+-------+-------+-------++-------
Melee: War axe           |    43 |    30 |     6 ||    79
 Abil: Make altar        |       |     1 |       ||     1
       Make burning bush |       |     1 |       ||     1
  Use: Potion            |       |     1 |     2 ||     3
 Stab: Distracted        |       |     2 |       ||     2
